 Dungeon Crawl Stone Soup version 0.19.5 (webtiles) character file.

3625 Haldmier the Cudgeler (level 10, -2/100 HPs)
             Began as an Ogre Wizard on May 13, 2017.
             Slain by a guardian serpent (13 damage)
             ... on level 9 of the Dungeon.
             The game lasted 00:45:34 (13100 turns).

Haldmier the Cudgeler (Ogre Wizard)                Turns: 13100, Time: 00:45:35

Health: -2/100     AC:  4    Str: 17    XL:     10   Next: 11%
Magic:  12/20      EV: 10    Int: 17    God:
Gold:   698        SH:  0    Dex:  8    Spells: 6 memorised, 9 levels left

rFire  . . .     SeeInvis .     a - +2 dagger (venom)
rCold  . . .     Gourm    .     y - +0 robe
rNeg   . . .     Faith    .     (no shield)
rPois  .         Spirit   .     D - +0 hat
rElec  .         Reflect  .     q - +0 cloak
rCorr  .         Harm     .     (gloves unavailable)
MR     +....                    (boots unavailable)
Stlth  +.........               (no amulet)
                                (no ring)
                                (no ring)

@: lethally poisoned (-2 -> -3), slowed, repel missiles, very slow
A: unfitting armour, tough skin 1
a: no special abilities


You were on level 9 of the Dungeon.
You were hungry.

You visited 2 branches of the dungeon, and saw 10 of its levels.
You also visited: Ossuary.

You collected 698 gold pieces.

Inventory:

Hand Weapons
 a - a +2 dagger of venom (weapon)
 b - a +0 flail
 m - a +2 flail
 K - a +0 trident
 L - a +4 mace
 M - a +2 hand axe of freezing
 O - a +4 flail
 S - a cursed -1 giant club
Missiles
 r - 3 large rocks (quivered)
 P - 5 tomahawks
Armour
 q - a +0 cloak (worn)
 y - a +0 robe (worn)
 D - a +0 hat (worn)
Jewellery
 s - a cursed amulet of guardian spirit {unknown}
 B - an uncursed ring of protection from cold {unknown}
 H - a +2 amulet of reflection {unknown}
 I - a cursed amulet of inaccuracy {unknown}
 T - a +4 ring of dexterity {unknown}
Wands
 n - a wand of disintegration (7/24)
Scrolls
 f - 10 scrolls of identify {unknown}
 g - 4 scrolls of recharging {unknown}
 i - a scroll of immolation {unknown}
 k - 2 scrolls of blinking {unknown}
 l - 5 scrolls of teleportation {unknown}
 o - 2 scrolls of noise {unknown}
 t - 2 scrolls of enchant weapon {unknown}
 v - a scroll of fear {unknown}
 w - a scroll of fog {unknown}
 z - 4 scrolls of remove curse {unknown}
 C - 2 scrolls of magic mapping {unknown}
 E - a scroll of enchant armour {unknown}
 Q - 2 scrolls of random uselessness {unknown}
 W - a scroll of amnesia {unknown}
Potions
 e - 2 potions of cure mutation {unknown}
 h - 2 potions of degeneration {unknown}
 j - 10 potions of curing
 p - 3 potions of haste {unknown}
 x - 2 potions of flight {unknown}
 A - a potion of resistance {unknown}
 F - 2 potions of brilliance {unknown}
 G - 2 potions of magic {unknown}
 J - 2 potions of invisibility {unknown}
 N - 2 potions of heal wounds {unknown}
 R - a potion of beneficial mutation {unknown}
 U - a potion of mutation {unknown}
 V - a potion of agility {unknown}
Books
 c - a book of Minor Magic

   Spells                             Type                      Level
   a - Magic Dart                     Conjuration                  1
   b - Blink                          Translocation                2
   c - Call Imp                       Summoning                    2
   d - Repel Missiles                 Charms/Air                   2
   e - Slow                           Hexes                        2
   f - Conjure Flame                  Conjuration/Fire             3
   g - Mephitic Cloud                 Conjuration/Poison/Air       3
Comestibles
 d - 8 bread rations
 u - 3 meat rations


   Skills:
 + Level 6.8 Fighting
 * Level 7.1 Maces & Flails
 - Level 1.7 Dodging
 - Level 1.4 Stealth
 + Level 6.6 Spellcasting
 + Level 3.7 Conjurations
 - Level 2.1 Charms
 - Level 3.1 Summonings
 - Level 3.0 Translocations
 - Level 3.0 Fire Magic
 - Level 2.0 Air Magic
 - Level 3.0 Poison Magic


You had 9 spell levels left.
You knew the following spells:

 Your Spells              Type           Power        Failure   Level  Hunger
a - Magic Dart            Conj           ###.         2%          1    None
b - Blink                 Tloc           N/A          6%          2    None
c - Call Imp              Summ           ###.....     6%          2    None
d - Conjure Flame         Conj/Fire      ###.....     10%         3    ##.....
e - Mephitic Cloud        Conj/Pois/Air  ###.....     12%         3    ##.....
f - Repel Missiles        Chrm/Air       ##....       10%         2    None


Dungeon Overview and Level Annotations

Branches:
Dungeon (9/15)             Temple (1/1) D:4
   Lair: D:8-11         Orc: D:9-12

Altars:
Ashenzari
Cheibriados
Elyvilon
Fedhas
Gozag
Hepliaklqana
Kikubaaqudgha
Makhleb
Nemelex Xobeh
Okawaru
Qazlal
Ru
Sif Muna
Trog
Uskayaw
Vehumet
Xom
Yredelemnul
Zin
The Shining One

Shops:
D:8 [


Innate Abilities, Weirdness & Mutations

You are too large for most types of armour.
You have tough skin. (AC +1)


Message History

The killer bee buzzes angrily.
A killer bee comes into view.
You hear an angry buzzing noise. x2; You hear a howl!
You hear a shout!
The killer bee closely misses you. The killer bee barely misses you.
Found a marble ring. 2 killer bees come into view.
You now have 15/20 mp.
Casting: Blink
Confirm with . or Enter, or press ? or * to list all spells.
You blink.
The guardian serpent hits you.
* * * LOW HITPOINT WARNING * * *
The guardian serpent closely misses you.
You take 6 damage, and have 15/100 hp.
You now have 14/20 mp.
Casting: Blink
Confirm with . or Enter, or press ? or * to list all spells.
You blink.
You feel sick. The killer bee stings you.
* * * LOW HITPOINT WARNING * * *
The killer bee barely misses you. The killer bee closely misses you.
The guardian serpent hits you!
You die...

..#..
y.#...#.. .
#y#.#...#.#
..#.#...#.
#y.....%.
#.#.#..?#####
#.#.#.......
#§#@#....#
#.yySr§..#
###.#....+
#=#.#..#
#.#....#
#.#.#..####
#..........
###.##########
#.....S....#


You could see a guardian serpent, 2 killer bees and a quokka.

Vanquished Creatures
  The ghost of edgar the Shield-Bearer, a novice GrFi of Gozag (D:7)
  Prince Ribbit (D:8)
  A hippogriff (D:7)
  Edmund (D:5)
  3 ice beasts
  A sky beast (D:3)
  An ogre (D:7)
  A crocodile (D:8)
  3 bullfrogs
  3 scorpions
  3 killer bees (D:7)
  5 wights (D:6)
  3 howler monkeys
  A bullfrog zombie (D:5)
  A crimson imp (D:5)
  2 jellies
  3 hounds
  2 orc wizards
  Crazy Yiuf (D:3)
  A centaur skeleton (D:6)
  3 orc priests
  A bullfrog skeleton (D:7)
  Ijyb (D:3)
  Natasha (twice) (D:3)
  3 iguanas
  5 worker ants
  8 mummies (Ossuary)
  A hound skeleton (D:4)
  4 gnolls (D:5)
  2 howler monkey skeletons (D:7)
  8 adders
  A shadow imp (D:8)
  2 oozes
  An adder skeleton (D:6)
  7 worms
  4 dart slugs
  10 leopard geckos
  20 orcs
  4 bats
  4 giant cockroaches
  4 gnoll zombies
  8 hobgoblins
  9 jackals
  3 quokkas
  A ball python (D:2)
  4 frilled lizards
  15 goblins
  A hobgoblin zombie (Ossuary)
  2 jackal skeletons (D:5)
  4 kobolds
  4 kobold zombies (Ossuary)
  A leopard gecko skeleton (D:5)
  An orc zombie (Ossuary)
  3 rats
189 creatures vanquished.

Vanquished Creatures (collateral kills)
  Grinder (D:5)
  Robin (D:2)
2 creatures vanquished.

Vanquished Creatures (others)
  A giant cockroach (D:3)
  2 fungi (D:9)
3 creatures vanquished.

Grand Total: 194 creatures vanquished

Notes
Turn   | Place    | Note
-------+----------+-------------------------------------------
     0 | D:1      | Haldmier the Ogre Wizard began the quest for the Orb.
     0 | D:1      | Reached XP level 1. HP: 16/16 MP: 5/5
   229 | D:1      | Reached skill level 1 in Fighting
   281 | D:1      | Reached XP level 2. HP: 27/27 MP: 2/6
   940 | D:2      | Reached skill level 1 in Maces & Flails
   940 | D:2      | Reached skill level 1 in Conjurations
   940 | D:2      | Reached XP level 3. HP: 17/35 MP: 1/8
  1149 | D:2      | Found a bloodstained altar of Trog.
  1625 | D:2      | Reached skill level 2 in Maces & Flails
  1871 | D:2      | Learned a level 2 spell: Blink
  1874 | D:2      | Learned a level 2 spell: Call Imp
  1878 | D:2      | Learned a level 3 spell: Mephitic Cloud
  1907 | D:2      | Reached XP level 4. HP: 42/42 MP: 6/10
  2261 | D:2      | Learned a level 3 spell: Conjure Flame
  2281 | D:3      | Noticed Ijyb
  2473 | D:3      | Killed Ijyb
  2473 | D:3      | Reached skill level 1 in Summonings
  2804 | D:3      | Noticed Robin
  2952 | D:2      | Killed Robin
  3117 | D:2      | Reached XP level 5. HP: 47/50 MP: 11/11
  3577 | D:2      | Reached skill level 1 in Translocations
  3969 | D:3      | Noticed Natasha
  3976 | D:3      | Killed Natasha
  3976 | D:3      | Reached skill level 1 in Fire Magic
  3976 | D:3      | Reached XP level 6. HP: 36/61 MP: 7/12
  4147 | D:3      | Noticed a sky beast
  4163 | D:3      | Noticed Natasha
  4173 | D:3      | Killed a sky beast
  4173 | D:3      | Reached skill level 3 in Maces & Flails
  4183 | D:3      | Killed Natasha
  4329 | D:3      | Learned a level 2 spell: Repel Missiles
  4402 | D:3      | Found a runed door.
  4406 | D:3      | Noticed Crazy Yiuf
  4419 | D:3      | Killed Crazy Yiuf
  4419 | D:3      | Reached skill level 1 in Air Magic
  4419 | D:3      | Reached skill level 1 in Poison Magic
  4487 | D:3      | Found a white marble altar of Elyvilon.
  4629 | D:3      | Found a basalt altar of Yredelemnul.
  4754 | D:3      | Found a glowing golden altar of the Shining One.
  4935 | D:4      | Found a staircase to the Ecumenical Temple.
  4944 | Temple   | Entered the Ecumenical Temple
  5258 | D:4      | Reached XP level 7. HP: 61/67 MP: 11/13
  5852 | D:5      | Entered Level 5 of the Dungeon
  5920 | D:5      | Reached skill level 1 in Charms
  6317 | D:5      | Found an ancient bone altar of Kikubaaqudgha.
  6615 | D:5      | Noticed Edmund
  6920 | D:5      | Killed Edmund
  6920 | D:5      | Reached skill level 5 in Spellcasting
  6920 | D:5      | Reached XP level 8. HP: 65/78 MP: 11/15
  7128 | D:5      | Noticed Grinder
  7487 | D:5      | Killed Grinder
  7487 | D:5      | Reached skill level 4 in Maces & Flails
  7873 | D:6      | Found a blossoming altar of Fedhas.
  8270 | D:6      | Found a radiant altar of Vehumet.
  8939 | D:6      | Reached skill level 5 in Fighting
  8939 | D:6      | Reached XP level 9. HP: 63/88 MP: 14/17
 10033 | D:7      | Reached skill level 5 in Maces & Flails
 10160 | D:7      | Noticed edgar's ghost (novice GrFi)
 10246 | D:7      | Killed edgar's ghost
 11272 | D:8      | Reached skill level 6 in Maces & Flails
 11278 | D:8      | Found Etueddas's Antique Armour Shop.
 11502 | D:8      | Found a snail-covered altar of Cheibriados.
 11505 | D:8      | Found a shattered altar of Ashenzari.
 11516 | D:8      | Found a shimmering altar of Xom.
 11527 | D:8      | Found a sand-covered staircase.
 11608 | Ossuary  | Entered an ossuary
 11731 | Ossuary  | Reached XP level 10. HP: 40/100 MP: 1/19
 12786 | D:8      | Noticed Prince Ribbit
 12807 | D:8      | Killed Prince Ribbit
 12807 | D:8      | Reached skill level 7 in Maces & Flails
 13068 | D:9      | Noticed a guardian serpent
 13100 | D:9      | Slain by a guardian serpent

Skill      XL: |  1  2  3  4  5  6  7  8  9 10 |
---------------+-------------------------------+-----
Fighting       | 1 2 3 4 5 6 |  6.8
Maces & Flails | 1 2 3 4 6 7 |  7.1
Conjurations   | 1 2 3 |  3.7
Spellcasting   | 4 5 6 |  6.6
Summonings     | 1 2 3 |  3.1
Translocations | 1 2 3 |  3.0
Fire Magic     | 1 2 3 |  3.0
Air Magic      | 1 2 |  2.0
Poison Magic   | 1 2 3 |  3.0
Charms         | 1 2 |  2.1
Dodging        | |  1.7
Stealth        | |  1.4

Action                   |  1- 3 |  4- 6 |  7- 9 | 10-12 || total
-------------------------+-------+-------+-------+-------++-------
Melee: Unarmed           |     8 |       |       |       ||     8
       Whip              |    72 |     9 |       |       ||    81
       Mace              |       |    54 |       |       ||    54
       Dagger            |       |    76 |   274 |    40 ||   390
       Flail             |       |       |    57 |    27 ||    84
       Trident           |       |       |    46 |       ||    46
Throw: Large rock        |       |       |    14 |     5 ||    19
       Tomahawk          |       |       |     3 |       ||     3
 Cast: Magic Dart        |    72 |    87 |   138 |     2 ||   299
       Call Imp          |       |     4 |     5 |       ||     9
       Mephitic Cloud    |       |     3 |    11 |       ||    14
       Conjure Flame     |       |     1 |    28 |     6 ||    35
       Blink             |       |       |     3 |     4 ||     7
       Repel Missiles    |       |       |     1 |       ||     1
 Stab: Confused          |       |     1 |     5 |       ||     6
       Distracted        |       |     1 |       |       ||     1
       Sleeping          |       |     1 |       |       ||     1
  Eat: Chunk             |     3 |    11 |    22 |     2 ||    38
       Beef jerky        |       |       |     1 |       ||     1
       Fruit             |       |       |       |     2 ||     2
Armor: Robe              |    10 |    31 |    61 |     5 ||   107
Dodge: Dodged            |    41 |    60 |   144 |    31 ||   276
       Deflected         |       |       |     1 |       ||     1
